[ PARTIDA AOE2 · #476323041 ]
UnrankedMagiares vs Wu
Equipo del jugador · DERR
[ ANÁLISIS DE REPETICIÓN · EXTRAÍDO DE LA PARTIDA GRABADA ]
Feudal
9:15
Castillos
22:22
Imperial
—
| APM promedio | 41.0 |
| APM pico | 61 |
| eAPM promedio | 16.1 |
| Aldeanos / militares | 50 / 30 |
Foco
⚔️ 31.1% · 🌾 68.9%
Archer ×29 · Skirmisher ×1
Feudal
7:56
Castillos
21:49
Imperial
—
| APM promedio | 40.5 |
| APM pico | 68 |
| eAPM promedio | 18.3 |
| Aldeanos / militares | 45 / 8 |
Foco
⚔️ 26.7% · 🌾 73.3%
Scout Cavalry ×6 · Spearman ×2
Feudal
9:22
Castillos
20:26
Imperial
—
| APM promedio | 27.2 |
| APM pico | 62 |
| eAPM promedio | 10.3 |
| Aldeanos / militares | 47 / 22 |
Foco
⚔️ 19.6% · 🌾 80.4%
Camel Scout ×14 · Scout Cavalry ×8
Feudal
9:48
Castillos
—
Imperial
—
| APM promedio | 25.0 |
| APM pico | 48 |
| eAPM promedio | 13.4 |
| Aldeanos / militares | 49 / 37 |
Foco
⚔️ 29.0% · 🌾 71.0%
Archer ×32 · Militia ×4 · Spearman ×1
Feudal
10:17
Castillos
—
Imperial
—
| APM promedio | 28.8 |
| APM pico | 48 |
| eAPM promedio | 14.5 |
| Aldeanos / militares | 41 / 39 |
Foco
⚔️ 28.0% · 🌾 72.0%
Archer ×27 · Skirmisher ×10 · Spearman ×2
Feudal
9:31
Castillos
15:38
Imperial
—
| APM promedio | 44.0 |
| APM pico | 90 |
| eAPM promedio | 15.2 |
| Aldeanos / militares | 74 / 6 |
Foco
⚔️ 24.6% · 🌾 75.4%
Spearman ×3 · Knight ×2 · Camel Scout ×1
Feudal
10:17
Castillos
—
Imperial
—
| APM promedio | 29.4 |
| APM pico | 57 |
| eAPM promedio | 13.2 |
| Aldeanos / militares | 38 / 28 |
Foco
⚔️ 26.5% · 🌾 73.5%
Archer ×23 · Spearman ×5
Feudal
8:43
Castillos
19:46
Imperial
—
| APM promedio | 48.3 |
| APM pico | 81 |
| eAPM promedio | 21.5 |
| Aldeanos / militares | 52 / 35 |
Foco
⚔️ 35.5% · 🌾 64.5%
Knight ×25 · Scout Cavalry ×7 · Spearman ×3
Mapa de la partida
Recursos iniciales + cada clic de construcción. Líneas = muros · curvas = relieve. ◆ oro · ⬟ piedra · ● bayas · ✦ reliquia · ◌ hueco del cierre
Tu base· Abierta — hueco de 10t
Base de Marlin· Abierta — flanco sin cerrar
Base de [KGB] LoneStarr SKINS· Abierta — hueco de 8t
Base de lorddoc· Abierta — hueco de 9t
Base de [KGB] Final· Abierta — hueco de 3t
Base de boo· Abierta — hueco de 6t
Base de DingDing· Abierta — hueco de 8t
Base de [KGB] Wonderziin· Abierta — hueco de 10t
Terreno inicial suavizado · ◌ = hueco del cierre detectado · pasá el cursor para detalles
Inputs por minuto
— [KGB] tr3VS - - Marlin
Build order — [KGB] tr3VS
147 acciones detectadas en el replay
| 0:05 | Construir | Town Center |
| 1:08 | Crear | Villager (Male) |
| 1:08 | Crear | Villager (Male) |
| 1:08 | Crear | Villager (Male) |
| 1:09 | Crear | Villager (Male) |
| 1:09 | Crear | Villager (Male) |
| 1:42 | Construir | Lumber Camp |
| 2:03 | Crear | Villager (Male) |
| 2:04 | Crear | Villager (Male) |
| 2:36 | Crear | Villager (Male) |
| 3:22 | Crear | Villager (Male) |
| 3:48 | Construir | Mill |
| 3:49 | Crear | Villager (Male) |
| 3:49 | Crear | Villager (Male) |
| 3:50 | Crear | Villager (Male) |
| 4:34 | Crear | Villager (Male) |
| 5:03 | Crear | Villager (Male) |
| 5:43 | Crear | Villager (Male) |
| 5:45 | Crear | Villager (Male) |
| 6:24 | Investigar | Loom |
| 6:29 | Construir | Mining Camp |
| 7:05 | Investigar | Feudal Age |
| 8:09 | Construir | Barracks |
| 8:38 | Crear | Villager (Male) |
| 8:45 | Construir | House |
| 9:15 | Edad | Edad Feudal |
| 9:18 | Construir | Archery Range |
| 9:20 | Investigar | Double-Bit Axe |
| 9:21 | Crear | Villager (Male) |
| 9:45 | Construir | House |
| 9:50 | Construir | Archery Range |
| 9:56 | Crear | Villager (Male) |
| 10:04 | Crear | Archer |
| 10:04 | Crear | Archer |
| 10:13 | Construir | House |
| 10:14 | Construir | House |
| 10:19 | Crear | Villager (Male) |
| 10:32 | Construir | House |
| 10:39 | Crear | Villager (Male) |
| 10:44 | Crear | Archer |
| 10:44 | Crear | Archer |
| 11:05 | Crear | Villager (Male) |
| 11:09 | Construir | Blacksmith |
| 11:25 | Crear | Archer |
| 11:43 | Crear | Villager (Male) |
| 11:44 | Crear | Villager (Male) |
| 11:47 | Crear | Archer |
| 11:48 | Crear | Archer |
| 11:52 | Construir | House |
| 11:58 | Investigar | Fletching |
| 11:59 | Investigar | Fletching |
| 12:14 | Crear | Villager (Male) |
| 12:21 | Construir | Farm |
| 12:22 | Construir | Farm |
| 12:24 | Crear | Archer |
| 12:32 | Crear | Villager (Male) |
| 12:35 | Crear | Archer |
| 12:39 | Construir | Farm |
| 12:58 | Investigar | Horse Collar |
| 12:58 | Investigar | Horse Collar |
| 13:16 | Crear | Villager (Male) |
| 13:21 | Crear | Archer |
| 13:22 | Crear | Archer |
| 13:30 | Crear | Villager (Male) |
| 13:33 | Construir | Farm |
| 13:53 | Crear | Archer |
| 14:07 | Crear | Villager (Male) |
| 14:09 | Construir | Farm |
| 14:13 | Construir | House |
| 14:14 | Construir | House |
| 14:21 | Construir | Farm |
| 14:23 | Crear | Villager (Male) |
| 14:40 | Construir | House |
| 14:50 | Crear | Villager (Male) |
| 14:54 | Construir | Farm |
| 15:12 | Crear | Archer |
| 15:12 | Crear | Archer |
| 15:13 | Crear | Archer |
| 15:13 | Crear | Archer |
| 15:18 | Construir | House |
| 15:42 | Crear | Villager (Male) |
| 15:42 | Crear | Villager (Male) |
| 15:45 | Construir | Farm |
| 15:47 | Construir | Farm |
| 15:52 | Construir | Farm |
| 16:00 | Crear | Archer |
| 16:01 | Crear | Archer |
| 16:24 | Crear | Villager (Male) |
| 16:27 | Construir | Farm |
| 16:29 | Construir | Farm |
| 16:45 | Crear | Archer |
| 16:46 | Crear | Archer |
| 16:48 | Crear | Villager (Male) |
| 17:07 | Crear | Archer |
| 17:15 | Construir | Lumber Camp |
| 17:25 | Crear | Villager (Male) |
| 17:33 | Construir | House |
| 17:35 | Construir | House |
| 17:45 | Construir | House |
| 17:47 | Construir | House |
| 17:51 | Crear | Villager (Male) |
| 17:55 | Construir | House |
| 18:03 | Crear | Skirmisher |
| 18:07 | Investigar | Padded Archer Armor |
| 18:07 | Investigar | Padded Archer Armor |
| 18:11 | Crear | Villager (Male) |
| 18:20 | Construir | House |
| 18:43 | Crear | Villager (Male) |
| 18:51 | Construir | Market |
| 19:17 | Crear | Villager (Male) |
| 19:39 | Investigar | Castle Age |
| 19:50 | Construir | House |
| 19:57 | Crear | Archer |
| 19:58 | Crear | Archer |
| 20:08 | Construir | Farm |
| 20:31 | Crear | Archer |
| 20:32 | Crear | Archer |
| 20:39 | Construir | House |
| 20:42 | Construir | Farm |
| 20:47 | Construir | Mining Camp |
| 21:05 | Crear | Archer |
| 21:07 | Crear | Archer |
| 21:16 | Crear | Villager (Male) |
| 21:16 | Crear | Villager (Male) |
| 21:24 | Construir | Lumber Camp |
| 21:43 | Crear | Archer |
| 21:45 | Crear | Archer |
| 22:22 | Edad | Edad de los Castillos |
| 22:26 | Investigar | Crossbowman (upgrade) |
| 22:27 | Investigar | Crossbowman (upgrade) |
| 22:32 | Investigar | Bodkin Arrow |
| 22:32 | Investigar | Bodkin Arrow |
| 22:34 | Crear | Villager (Male) |
| 22:39 | Construir | Town Center |
| 22:41 | Construir | Town Center |
| 22:46 | Construir | University |
| 23:23 | Crear | Villager (Male) |
| 23:26 | Investigar | Bow Saw |
| 23:26 | Investigar | Bow Saw |
| 23:54 | Construir | Farm |
| 24:13 | Crear | Villager (Male) |
| 24:13 | Crear | Villager (Male) |
| 24:13 | Crear | Villager (Male) |
| 24:15 | Crear | Villager (Male) |
| 24:15 | Crear | Villager (Male) |
| 24:16 | Crear | Villager (Male) |
| 24:18 | Investigar | Ballistics |
Build order — Marlin
97 acciones detectadas en el replay
| 0:03 | Construir | Town Center |
| 1:11 | Crear | Villager (Male) |
| 1:12 | Crear | Villager (Male) |
| 1:12 | Crear | Villager (Male) |
| 1:14 | Crear | Villager (Male) |
| 1:56 | Crear | Villager (Male) |
| 2:57 | Construir | Lumber Camp |
| 3:14 | Crear | Villager (Male) |
| 3:14 | Crear | Villager (Male) |
| 3:44 | Crear | Villager (Male) |
| 4:03 | Construir | Mill |
| 4:15 | Crear | Villager (Male) |
| 4:16 | Crear | Villager (Male) |
| 4:17 | Crear | Villager (Male) |
| 4:37 | Investigar | Loom |
| 5:30 | Investigar | Feudal Age |
| 6:33 | Construir | Barracks |
| 7:06 | Construir | House |
| 7:19 | Construir | Mill |
| 7:26 | Construir | Mill |
| 7:49 | Crear | Villager (Male) |
| 7:56 | Edad | Edad Feudal |
| 7:59 | Construir | Stable |
| 8:07 | Crear | Villager (Male) |
| 8:42 | Crear | Scout Cavalry |
| 8:44 | Crear | Villager (Male) |
| 8:50 | Construir | Farm |
| 8:52 | Construir | Farm |
| 8:58 | Construir | Farm |
| 9:08 | Crear | Villager (Male) |
| 9:10 | Crear | Scout Cavalry |
| 9:22 | Construir | House |
| 9:30 | Crear | Villager (Male) |
| 9:50 | Crear | Scout Cavalry |
| 10:23 | Crear | Villager (Male) |
| 10:44 | Crear | Villager (Male) |
| 11:00 | Crear | Scout Cavalry |
| 11:14 | Crear | Villager (Male) |
| 11:24 | Crear | Villager (Male) |
| 11:33 | Construir | House |
| 11:34 | Construir | House |
| 11:50 | Construir | Palisade Wall |
| 11:53 | Construir | Palisade Wall |
| 11:58 | Crear | Villager (Male) |
| 12:03 | Crear | Scout Cavalry |
| 12:32 | Crear | Villager (Male) |
| 12:46 | Crear | Villager (Male) |
| 12:49 | Construir | Palisade Wall |
| 12:54 | Construir | Farm |
| 12:56 | Construir | Farm |
| 12:56 | Construir | Farm |
| 13:02 | Construir | Farm |
| 13:05 | Crear | Villager (Male) |
| 13:28 | Crear | Villager (Male) |
| 13:34 | Construir | Farm |
| 13:35 | Construir | Farm |
| 13:36 | Construir | Farm |
| 13:36 | Construir | Farm |
| 13:43 | Crear | Villager (Male) |
| 13:47 | Construir | Blacksmith |
| 14:17 | Crear | Villager (Male) |
| 14:21 | Crear | Spearman |
| 14:22 | Crear | Spearman |
| 14:37 | Crear | Villager (Male) |
| 14:39 | Crear | Scout Cavalry |
| 15:07 | Construir | House |
| 15:31 | Crear | Villager (Male) |
| 15:32 | Crear | Villager (Male) |
| 16:01 | Construir | Market |
| 16:39 | Crear | Villager (Male) |
| 16:40 | Crear | Villager (Male) |
| 17:00 | Crear | Villager (Male) |
| 17:12 | Construir | Palisade Wall |
| 17:23 | Construir | Market |
| 17:27 | Crear | Villager (Male) |
| 17:28 | Crear | Villager (Male) |
| 17:58 | Crear | Villager (Male) |
| 18:26 | Crear | Villager (Male) |
| 18:41 | Construir | House |
| 18:56 | Investigar | Castle Age |
| 18:59 | Construir | Farm |
| 20:15 | Investigar | Double-Bit Axe |
| 20:17 | Investigar | Horse Collar |
| 20:55 | Construir | Lumber Camp |
| 21:04 | Construir | House |
| 21:49 | Edad | Edad de los Castillos |
| 21:54 | Construir | Town Center |
| 21:58 | Construir | Town Center |
| 22:00 | Investigar | Bow Saw |
| 22:09 | Crear | Villager (Male) |
| 22:09 | Crear | Villager (Male) |
| 22:38 | Crear | Villager (Male) |
| 22:59 | Crear | Villager (Male) |
| 23:00 | Crear | Villager (Male) |
| 23:51 | Crear | Villager (Male) |
| 23:51 | Crear | Villager (Male) |
| 24:03 | Crear | Villager (Male) |
Build order — [KGB] LoneStarr SKINS
130 acciones detectadas en el replay
| 0:10 | Construir | Town Center |
| 1:13 | Crear | Villager (Male) |
| 1:13 | Crear | Villager (Male) |
| 1:13 | Crear | Villager (Male) |
| 1:14 | Crear | Villager (Male) |
| 1:48 | Construir | Lumber Camp |
| 1:51 | Crear | Villager (Male) |
| 2:18 | Crear | Villager (Male) |
| 2:42 | Crear | Villager (Male) |
| 3:02 | Construir | House |
| 3:03 | Crear | Villager (Male) |
| 3:53 | Crear | Villager (Male) |
| 4:20 | Construir | House |
| 4:39 | Crear | Villager (Male) |
| 5:01 | Crear | Villager (Male) |
| 5:01 | Crear | Villager (Male) |
| 5:01 | Crear | Villager (Male) |
| 5:28 | Investigar | Loom |
| 6:05 | Construir | Mill |
| 6:52 | Construir | Barracks |
| 7:12 | Investigar | Feudal Age |
| 7:12 | Investigar | Feudal Age |
| 7:57 | Construir | House |
| 9:22 | Edad | Edad Feudal |
| 9:26 | Construir | Stable |
| 9:28 | Crear | Villager (Male) |
| 9:29 | Crear | Villager (Male) |
| 9:31 | Investigar | Double-Bit Axe |
| 9:52 | Construir | Palisade Wall |
| 10:09 | Crear | Villager (Male) |
| 10:14 | Crear | Scout Cavalry |
| 10:15 | Crear | Scout Cavalry |
| 10:30 | Crear | Villager (Male) |
| 10:36 | Construir | Palisade Wall |
| 10:37 | Construir | Palisade Wall |
| 10:38 | Construir | Palisade Wall |
| 10:50 | Construir | Palisade Wall |
| 10:51 | Construir | Palisade Wall |
| 10:51 | Construir | Palisade Wall |
| 11:02 | Crear | Villager (Male) |
| 11:09 | Construir | Farm |
| 11:17 | Construir | Farm |
| 11:24 | Crear | Scout Cavalry |
| 11:25 | Crear | Scout Cavalry |
| 11:26 | Crear | Villager (Male) |
| 11:48 | Construir | Farm |
| 11:53 | Crear | Villager (Male) |
| 11:56 | Construir | Farm |
| 11:57 | Construir | Farm |
| 11:59 | Construir | Farm |
| 12:02 | Crear | Scout Cavalry |
| 12:11 | Crear | Scout Cavalry |
| 12:21 | Crear | Villager (Male) |
| 12:27 | Construir | Mining Camp |
| 12:32 | Crear | Villager (Male) |
| 12:38 | Construir | Blacksmith |
| 12:41 | Construir | House |
| 12:56 | Crear | Villager (Male) |
| 13:22 | Crear | Villager (Male) |
| 13:22 | Crear | Villager (Male) |
| 13:55 | Construir | House |
| 13:56 | Construir | House |
| 13:57 | Construir | House |
| 14:04 | Construir | Farm |
| 14:07 | Construir | Farm |
| 14:42 | Crear | Villager (Male) |
| 14:43 | Investigar | Forging |
| 14:47 | Investigar | Scale Barding Armor |
| 14:50 | Construir | Farm |
| 14:51 | Crear | Scout Cavalry |
| 14:53 | Crear | Scout Cavalry |
| 14:53 | Investigar | Bloodlines |
| 15:47 | Crear | Villager (Male) |
| 15:50 | Construir | Farm |
| 15:52 | Construir | Farm |
| 15:53 | Construir | Farm |
| 16:29 | Crear | Villager (Male) |
| 16:37 | Construir | Farm |
| 16:49 | Construir | Farm |
| 16:51 | Crear | Villager (Male) |
| 17:30 | Construir | Farm |
| 17:32 | Construir | Farm |
| 17:34 | Construir | Farm |
| 17:43 | Construir | Stable |
| 17:46 | Investigar | Castle Age |
| 18:02 | Investigar | Horse Collar |
| 18:39 | Investigar | Bloodlines |
| 19:22 | Investigar | Gold Mining |
| 19:24 | Crear | Villager (Male) |
| 19:25 | Crear | Villager (Male) |
| 19:27 | Construir | House |
| 20:26 | Edad | Edad de los Castillos |
| 20:29 | Crear | Villager (Male) |
| 20:32 | Crear | Camel Scout |
| 20:33 | Crear | Camel Scout |
| 20:49 | Crear | Camel Scout |
| 20:50 | Crear | Camel Scout |
| 20:51 | Crear | Villager (Male) |
| 21:16 | Construir | Town Center |
| 21:31 | Construir | Town Center |
| 21:41 | Crear | Camel Scout |
| 21:41 | Crear | Camel Scout |
| 22:17 | Crear | Villager (Male) |
| 22:21 | Crear | Villager (Male) |
| 22:23 | Construir | Farm |
| 22:26 | Investigar | Chain Barding Armor |
| 22:27 | Crear | Camel Scout |
| 22:27 | Crear | Camel Scout |
| 22:27 | Crear | Camel Scout |
| 22:28 | Crear | Camel Scout |
| 22:29 | Crear | Camel Scout |
| 22:37 | Crear | Camel Scout |
| 22:54 | Crear | Villager (Male) |
| 22:56 | Crear | Villager (Male) |
| 22:58 | Crear | Villager (Male) |
| 23:03 | Construir | Farm |
| 23:06 | Crear | Villager (Male) |
| 23:43 | Crear | Villager (Male) |
| 23:43 | Crear | Villager (Male) |
| 23:44 | Crear | Villager (Male) |
| 23:56 | Crear | Camel Scout |
| 23:56 | Crear | Camel Scout |
| 24:19 | Crear | Villager (Male) |
| 24:20 | Crear | Villager (Male) |
| 24:20 | Crear | Villager (Male) |
| 24:23 | Construir | Farm |
| 24:24 | Construir | Farm |
| 24:26 | Construir | Farm |
| 24:27 | Crear | Villager (Male) |
| 24:28 | Crear | Villager (Male) |
Build order — lorddoc
122 acciones detectadas en el replay
| 0:05 | Construir | Town Center |
| 1:07 | Crear | Villager (Male) |
| 1:07 | Crear | Villager (Male) |
| 1:08 | Crear | Villager (Male) |
| 1:09 | Crear | Villager (Male) |
| 1:50 | Crear | Villager (Male) |
| 2:12 | Construir | Lumber Camp |
| 3:08 | Crear | Villager (Male) |
| 3:20 | Crear | Villager (Male) |
| 3:21 | Crear | Villager (Male) |
| 3:21 | Crear | Villager (Male) |
| 3:35 | Crear | Villager (Male) |
| 3:57 | Crear | Villager (Male) |
| 4:24 | Crear | Villager (Male) |
| 5:02 | Construir | Mill |
| 5:08 | Crear | Villager (Male) |
| 5:16 | Investigar | Loom |
| 5:39 | Crear | Villager (Male) |
| 5:40 | Crear | Villager (Male) |
| 6:00 | Construir | Barracks |
| 6:27 | Crear | Villager (Male) |
| 7:00 | Crear | Villager (Male) |
| 7:38 | Investigar | Feudal Age |
| 7:41 | Crear | Militia |
| 7:41 | Crear | Militia |
| 7:45 | Construir | House |
| 8:11 | Crear | Militia |
| 9:00 | Crear | Villager (Male) |
| 9:12 | Construir | Mining Camp |
| 9:20 | Crear | Militia |
| 9:48 | Edad | Edad Feudal |
| 9:58 | Investigar | Man-at-Arms (upgrade) |
| 10:08 | Construir | Archery Range |
| 10:33 | Construir | Archery Range |
| 10:37 | Crear | Villager (Male) |
| 10:38 | Crear | Villager (Male) |
| 10:46 | Construir | House |
| 10:50 | Crear | Villager (Male) |
| 11:02 | Construir | Building 796 |
| 11:03 | Construir | House |
| 11:08 | Construir | Palisade Wall |
| 11:12 | Construir | House |
| 11:17 | Crear | Archer |
| 11:18 | Crear | Villager (Male) |
| 11:22 | Crear | Archer |
| 11:40 | Crear | Villager (Male) |
| 11:45 | Crear | Archer |
| 11:54 | Crear | Archer |
| 12:21 | Crear | Archer |
| 12:38 | Crear | Villager (Male) |
| 12:44 | Construir | Blacksmith |
| 12:50 | Crear | Spearman |
| 13:10 | Crear | Archer |
| 13:12 | Crear | Archer |
| 13:26 | Crear | Villager (Male) |
| 13:30 | Crear | Archer |
| 13:37 | Crear | Archer |
| 13:40 | Crear | Archer |
| 13:40 | Crear | Archer |
| 13:41 | Crear | Villager (Male) |
| 13:56 | Construir | House |
| 14:10 | Crear | Archer |
| 14:39 | Crear | Archer |
| 14:39 | Crear | Archer |
| 14:40 | Crear | Villager (Male) |
| 14:50 | Crear | Archer |
| 14:59 | Crear | Villager (Male) |
| 15:38 | Investigar | Fletching |
| 15:42 | Crear | Archer |
| 15:45 | Crear | Archer |
| 15:46 | Crear | Archer |
| 16:12 | Crear | Villager (Male) |
| 16:43 | Crear | Villager (Male) |
| 16:44 | Crear | Archer |
| 16:51 | Construir | House |
| 16:56 | Crear | Archer |
| 17:06 | Construir | House |
| 17:12 | Construir | Farm |
| 17:12 | Construir | Farm |
| 17:12 | Construir | Farm |
| 17:12 | Construir | Farm |
| 17:13 | Construir | Farm |
| 17:18 | Crear | Villager (Male) |
| 17:30 | Crear | Archer |
| 17:30 | Crear | Archer |
| 17:31 | Crear | Villager (Male) |
| 17:39 | Crear | Villager (Male) |
| 17:42 | Construir | Farm |
| 18:01 | Crear | Archer |
| 18:01 | Crear | Archer |
| 18:12 | Crear | Archer |
| 18:19 | Crear | Villager (Male) |
| 18:30 | Crear | Villager (Male) |
| 18:45 | Crear | Archer |
| 18:48 | Crear | Villager (Male) |
| 19:00 | Construir | Market |
| 19:04 | Crear | Archer |
| 19:17 | Crear | Archer |
| 19:38 | Crear | Archer |
| 19:38 | Crear | Archer |
| 19:39 | Crear | Villager (Male) |
| 19:47 | Crear | Villager (Male) |
| 19:50 | Construir | Farm |
| 19:52 | Crear | Villager (Male) |
| 20:03 | Construir | Palisade Wall |
| 20:10 | Crear | Archer |
| 20:20 | Crear | Villager (Male) |
| 20:29 | Crear | Villager (Male) |
| 20:45 | Crear | Villager (Male) |
| 20:49 | Crear | Villager (Male) |
| 20:58 | Construir | Watch Tower |
| 21:03 | Construir | Farm |
| 21:10 | Construir | Mining Camp |
| 21:14 | Crear | Archer |
| 21:16 | Crear | Villager (Male) |
| 21:30 | Construir | Lumber Camp |
| 21:36 | Construir | House |
| 21:52 | Crear | Villager (Male) |
| 22:04 | Crear | Villager (Male) |
| 22:09 | Crear | Villager (Male) |
| 22:22 | Crear | Villager (Male) |
| 22:30 | Crear | Villager (Male) |
Build order — [KGB] Final
132 acciones detectadas en el replay
| 0:12 | Construir | Town Center |
| 1:15 | Crear | Villager (Male) |
| 1:16 | Crear | Villager (Male) |
| 1:50 | Construir | Lumber Camp |
| 1:54 | Crear | Villager (Male) |
| 2:08 | Crear | Villager (Male) |
| 2:29 | Crear | Villager (Male) |
| 3:12 | Crear | Villager (Male) |
| 3:13 | Crear | Villager (Male) |
| 3:31 | Crear | Villager (Male) |
| 3:52 | Crear | Villager (Male) |
| 4:44 | Crear | Villager (Male) |
| 5:07 | Crear | Villager (Male) |
| 5:28 | Crear | Villager (Male) |
| 5:54 | Construir | House |
| 6:12 | Crear | Villager (Male) |
| 6:34 | Investigar | Loom |
| 7:17 | Crear | Villager (Male) |
| 7:25 | Construir | Mill |
| 7:31 | Crear | Villager (Male) |
| 7:53 | Investigar | Feudal Age |
| 8:08 | Construir | Lumber Camp |
| 8:20 | Construir | Barracks |
| 8:30 | Construir | House |
| 8:33 | Construir | House |
| 8:44 | Construir | Palisade Wall |
| 9:27 | Crear | Villager (Male) |
| 9:28 | Crear | Villager (Male) |
| 9:42 | Construir | House |
| 10:06 | Crear | Villager (Male) |
| 10:11 | Crear | Villager (Male) |
| 10:14 | Construir | House |
| 10:17 | Edad | Edad Feudal |
| 10:27 | Construir | Archery Range |
| 10:30 | Crear | Villager (Male) |
| 10:59 | Crear | Villager (Male) |
| 11:06 | Construir | Archery Range |
| 11:20 | Crear | Archer |
| 11:21 | Crear | Skirmisher |
| 11:35 | Crear | Villager (Male) |
| 11:53 | Crear | Archer |
| 12:00 | Construir | Mining Camp |
| 12:08 | Construir | Palisade Wall |
| 12:12 | Crear | Villager (Male) |
| 12:13 | Crear | Skirmisher |
| 12:16 | Crear | Skirmisher |
| 12:32 | Crear | Villager (Male) |
| 12:36 | Crear | Archer |
| 12:38 | Crear | Skirmisher |
| 12:49 | Crear | Archer |
| 13:17 | Crear | Archer |
| 13:17 | Crear | Skirmisher |
| 13:24 | Construir | House |
| 13:48 | Crear | Villager (Male) |
| 14:03 | Crear | Skirmisher |
| 14:04 | Crear | Archer |
| 14:04 | Crear | Skirmisher |
| 14:08 | Crear | Villager (Male) |
| 14:36 | Crear | Spearman |
| 14:38 | Crear | Spearman |
| 14:41 | Construir | Farm |
| 14:42 | Investigar | Horse Collar |
| 14:51 | Crear | Villager (Male) |
| 14:58 | Crear | Archer |
| 14:58 | Crear | Skirmisher |
| 14:59 | Crear | Archer |
| 14:59 | Crear | Skirmisher |
| 14:59 | Crear | Skirmisher |
| 15:50 | Construir | Farm |
| 15:55 | Crear | Archer |
| 15:55 | Crear | Archer |
| 16:11 | Crear | Archer |
| 16:12 | Crear | Archer |
| 16:23 | Crear | Villager (Male) |
| 16:26 | Crear | Archer |
| 16:46 | Crear | Archer |
| 16:58 | Construir | Blacksmith |
| 17:03 | Construir | House |
| 17:08 | Construir | Farm |
| 17:32 | Crear | Archer |
| 17:48 | Crear | Villager (Male) |
| 18:31 | Construir | Farm |
| 18:37 | Crear | Archer |
| 18:37 | Crear | Archer |
| 18:38 | Crear | Villager (Male) |
| 19:12 | Construir | Market |
| 19:19 | Crear | Villager (Male) |
| 19:25 | Construir | Farm |
| 19:26 | Construir | Farm |
| 19:29 | Construir | Farm |
| 19:30 | Construir | Farm |
| 19:34 | Construir | Farm |
| 19:36 | Construir | Farm |
| 19:39 | Crear | Archer |
| 19:57 | Crear | Villager (Male) |
| 20:21 | Crear | Archer |
| 20:23 | Crear | Villager (Male) |
| 20:30 | Construir | House |
| 20:31 | Construir | House |
| 20:32 | Construir | House |
| 20:55 | Investigar | Fletching |
| 21:17 | Crear | Villager (Male) |
| 21:20 | Construir | Farm |
| 21:26 | Construir | Farm |
| 21:29 | Construir | Farm |
| 21:42 | Investigar | Padded Archer Armor |
| 21:42 | Investigar | Padded Archer Armor |
| 21:44 | Crear | Archer |
| 21:44 | Crear | Archer |
| 22:18 | Crear | Archer |
| 22:18 | Crear | Archer |
| 22:18 | Crear | Villager (Male) |
| 22:19 | Crear | Villager (Male) |
| 22:19 | Crear | Villager (Male) |
| 22:20 | Crear | Villager (Male) |
| 22:32 | Construir | Farm |
| 23:15 | Crear | Villager (Male) |
| 23:26 | Construir | Farm |
| 23:30 | Construir | Farm |
| 23:31 | Crear | Archer |
| 23:32 | Crear | Archer |
| 23:33 | Crear | Archer |
| 23:33 | Crear | Archer |
| 23:42 | Construir | Farm |
| 24:02 | Crear | Villager (Male) |
| 24:03 | Crear | Villager (Male) |
| 24:11 | Construir | Farm |
| 24:17 | Construir | House |
| 24:18 | Construir | House |
| 24:19 | Construir | House |
| 24:20 | Construir | House |
| 24:21 | Construir | House |
Build order — boo
148 acciones detectadas en el replay
| 0:19 | Construir | Town Center |
| 1:23 | Crear | Villager (Male) |
| 1:24 | Crear | Villager (Male) |
| 1:24 | Crear | Villager (Male) |
| 1:24 | Crear | Villager (Male) |
| 1:24 | Crear | Villager (Male) |
| 2:30 | Crear | Villager (Male) |
| 3:00 | Crear | Villager (Male) |
| 3:11 | Construir | Mill |
| 3:38 | Crear | Villager (Male) |
| 3:56 | Crear | Villager (Male) |
| 4:35 | Crear | Villager (Male) |
| 4:35 | Crear | Villager (Male) |
| 4:35 | Crear | Villager (Male) |
| 4:47 | Construir | Lumber Camp |
| 5:14 | Crear | Villager (Male) |
| 5:14 | Crear | Villager (Male) |
| 5:38 | Construir | House |
| 5:42 | Crear | Villager (Male) |
| 6:28 | Crear | Villager (Male) |
| 7:00 | Crear | Villager (Male) |
| 7:07 | Construir | House |
| 7:27 | Investigar | Feudal Age |
| 7:47 | Construir | Palisade Wall |
| 8:32 | Construir | Barracks |
| 9:31 | Edad | Edad Feudal |
| 9:34 | Construir | Blacksmith |
| 9:36 | Crear | Villager (Male) |
| 9:36 | Crear | Villager (Male) |
| 9:54 | Crear | Spearman |
| 9:54 | Crear | Spearman |
| 9:55 | Crear | Villager (Male) |
| 9:55 | Crear | Villager (Male) |
| 9:55 | Crear | Villager (Male) |
| 9:56 | Crear | Villager (Male) |
| 9:56 | Crear | Villager (Male) |
| 9:56 | Crear | Villager (Male) |
| 9:56 | Crear | Villager (Male) |
| 9:57 | Crear | Villager (Male) |
| 10:19 | Crear | Villager (Male) |
| 10:23 | Investigar | Double-Bit Axe |
| 10:49 | Crear | Villager (Male) |
| 11:20 | Crear | Spearman |
| 11:20 | Crear | Villager (Male) |
| 11:40 | Construir | Market |
| 11:55 | Construir | House |
| 11:58 | Investigar | Wheelbarrow |
| 13:13 | Investigar | Castle Age |
| 13:58 | Investigar | Horse Collar |
| 14:18 | Construir | Stable |
| 15:20 | Crear | Villager (Male) |
| 15:38 | Edad | Edad de los Castillos |
| 15:44 | Investigar | Loom |
| 15:46 | Construir | Town Center |
| 15:51 | Construir | Town Center |
| 15:59 | Construir | Monastery |
| 16:09 | Crear | Villager (Male) |
| 16:15 | Crear | Knight |
| 16:35 | Crear | Villager (Male) |
| 16:36 | Crear | Villager (Male) |
| 17:14 | Construir | Farm |
| 17:16 | Construir | Farm |
| 17:16 | Construir | Farm |
| 17:16 | Construir | Farm |
| 17:16 | Construir | Farm |
| 17:17 | Construir | Farm |
| 17:17 | Construir | Farm |
| 17:22 | Crear | Villager (Male) |
| 17:22 | Crear | Villager (Male) |
| 17:22 | Crear | Villager (Male) |
| 17:28 | Crear | Villager (Male) |
| 17:40 | Construir | Farm |
| 17:41 | Construir | Farm |
| 18:01 | Crear | Villager (Male) |
| 18:07 | Crear | Villager (Male) |
| 18:11 | Construir | Farm |
| 18:11 | Construir | Farm |
| 18:29 | Construir | Farm |
| 18:38 | Crear | Villager (Male) |
| 18:38 | Crear | Villager (Male) |
| 18:42 | Construir | Farm |
| 18:46 | Construir | Farm |
| 18:47 | Construir | Farm |
| 18:58 | Crear | Villager (Male) |
| 19:08 | Construir | Farm |
| 19:10 | Crear | Villager (Male) |
| 19:14 | Crear | Villager (Male) |
| 19:17 | Crear | Villager (Male) |
| 19:18 | Crear | Villager (Male) |
| 19:22 | Construir | House |
| 19:23 | Construir | House |
| 19:24 | Construir | House |
| 19:26 | Construir | Palisade Wall |
| 19:34 | Crear | Villager (Male) |
| 19:41 | Investigar | Town Watch |
| 19:42 | Crear | Villager (Male) |
| 19:43 | Crear | Villager (Male) |
| 19:43 | Crear | Villager (Male) |
| 19:56 | Crear | Camel Scout |
| 20:01 | Crear | Villager (Male) |
| 20:21 | Crear | Villager (Male) |
| 20:22 | Crear | Villager (Male) |
| 20:22 | Crear | Villager (Male) |
| 20:22 | Crear | Villager (Male) |
| 20:28 | Construir | Farm |
| 20:30 | Construir | Farm |
| 20:30 | Construir | Farm |
| 20:30 | Construir | Farm |
| 20:31 | Construir | Farm |
| 20:31 | Construir | Farm |
| 20:46 | Crear | Knight |
| 20:52 | Crear | Villager (Male) |
| 21:03 | Crear | Villager (Male) |
| 21:03 | Crear | Villager (Male) |
| 21:18 | Crear | Villager (Male) |
| 21:24 | Crear | Villager (Male) |
| 21:24 | Crear | Villager (Male) |
| 21:26 | Construir | Farm |
| 21:35 | Construir | Mining Camp |
| 21:46 | Construir | House |
| 21:49 | Crear | Villager (Male) |
| 21:49 | Crear | Villager (Male) |
| 21:59 | Construir | House |
| 22:03 | Crear | Villager (Male) |
| 22:03 | Crear | Villager (Male) |
| 22:11 | Crear | Villager (Male) |
| 22:18 | Investigar | Bow Saw |
| 22:26 | Construir | Town Center |
| 22:27 | Crear | Villager (Male) |
| 22:27 | Crear | Villager (Male) |
| 23:06 | Investigar | Hand Cart |
| 23:06 | Crear | Villager (Male) |
| 23:13 | Construir | Farm |
| 23:13 | Construir | Farm |
| 23:13 | Construir | Farm |
| 23:14 | Construir | Farm |
| 23:14 | Construir | Farm |
| 23:14 | Construir | Farm |
| 23:15 | Construir | Farm |
| 23:15 | Construir | Farm |
| 23:15 | Construir | Farm |
| 23:15 | Construir | Farm |
| 23:15 | Construir | Farm |
| 23:16 | Construir | Farm |
| 23:18 | Crear | Villager (Male) |
| 23:19 | Crear | Villager (Male) |
| 23:21 | Crear | Villager (Male) |
| 23:22 | Crear | Villager (Male) |
Build order — DingDing
114 acciones detectadas en el replay
| 0:17 | Construir | Town Center |
| 1:35 | Crear | Villager (Male) |
| 1:35 | Crear | Villager (Male) |
| 1:36 | Crear | Villager (Male) |
| 1:36 | Crear | Villager (Male) |
| 2:34 | Crear | Villager (Male) |
| 2:51 | Crear | Villager (Male) |
| 2:55 | Crear | Villager (Male) |
| 3:14 | Construir | Lumber Camp |
| 3:20 | Construir | House |
| 3:21 | Construir | House |
| 3:46 | Crear | Villager (Male) |
| 3:46 | Crear | Villager (Male) |
| 3:47 | Crear | Villager (Male) |
| 4:19 | Crear | Villager (Male) |
| 4:39 | Construir | Mill |
| 5:01 | Crear | Villager (Male) |
| 5:48 | Crear | Villager (Male) |
| 6:24 | Crear | Villager (Male) |
| 6:24 | Crear | Villager (Male) |
| 6:26 | Investigar | Loom |
| 6:46 | Construir | House |
| 6:47 | Construir | House |
| 6:53 | Construir | House |
| 8:07 | Investigar | Feudal Age |
| 8:52 | Construir | Mining Camp |
| 9:36 | Crear | Villager (Male) |
| 9:37 | Crear | Villager (Male) |
| 9:39 | Crear | Villager (Male) |
| 9:56 | Construir | House |
| 10:04 | Crear | Villager (Male) |
| 10:17 | Edad | Edad Feudal |
| 10:24 | Construir | Barracks |
| 10:33 | Construir | Watch Tower |
| 10:36 | Crear | Villager (Male) |
| 10:36 | Crear | Villager (Male) |
| 11:07 | Crear | Villager (Male) |
| 11:12 | Construir | Archery Range |
| 11:18 | Construir | House |
| 12:04 | Construir | Blacksmith |
| 12:13 | Crear | Archer |
| 12:13 | Crear | Archer |
| 12:37 | Crear | Villager (Male) |
| 12:43 | Crear | Archer |
| 12:50 | Construir | Archery Range |
| 13:00 | Crear | Villager (Male) |
| 13:27 | Construir | Blacksmith |
| 14:26 | Construir | Lumber Camp |
| 14:36 | Crear | Villager (Male) |
| 14:36 | Crear | Villager (Male) |
| 14:56 | Crear | Villager (Male) |
| 15:32 | Crear | Archer |
| 15:32 | Crear | Archer |
| 15:34 | Crear | Archer |
| 15:34 | Crear | Archer |
| 15:34 | Crear | Archer |
| 15:38 | Investigar | Fletching |
| 15:57 | Construir | House |
| 15:59 | Construir | House |
| 16:02 | Construir | House |
| 16:12 | Crear | Archer |
| 16:12 | Crear | Archer |
| 16:14 | Crear | Villager (Male) |
| 16:37 | Crear | Archer |
| 16:38 | Crear | Archer |
| 16:39 | Crear | Spearman |
| 16:40 | Crear | Villager (Male) |
| 16:43 | Construir | Farm |
| 16:43 | Construir | Farm |
| 16:43 | Construir | Farm |
| 16:44 | Construir | Farm |
| 17:14 | Crear | Archer |
| 17:15 | Crear | Archer |
| 17:29 | Crear | Archer |
| 17:30 | Crear | Villager (Male) |
| 17:39 | Crear | Spearman |
| 18:03 | Crear | Villager (Male) |
| 18:04 | Crear | Villager (Male) |
| 18:07 | Construir | Farm |
| 18:07 | Construir | Farm |
| 18:07 | Construir | Farm |
| 18:16 | Construir | House |
| 18:20 | Construir | House |
| 18:26 | Construir | House |
| 18:28 | Construir | House |
| 18:43 | Crear | Spearman |
| 18:55 | Crear | Archer |
| 18:55 | Crear | Archer |
| 18:55 | Crear | Villager (Male) |
| 18:56 | Crear | Villager (Male) |
| 19:19 | Crear | Villager (Male) |
| 19:25 | Construir | Farm |
| 19:25 | Construir | Farm |
| 19:25 | Construir | Farm |
| 19:26 | Construir | Farm |
| 19:30 | Construir | House |
| 19:31 | Construir | House |
| 19:49 | Investigar | Padded Archer Armor |
| 20:02 | Crear | Archer |
| 20:02 | Crear | Archer |
| 20:18 | Construir | Market |
| 20:28 | Crear | Archer |
| 20:29 | Crear | Archer |
| 20:49 | Crear | Villager (Male) |
| 20:49 | Crear | Villager (Male) |
| 20:51 | Investigar | Wheelbarrow |
| 20:55 | Crear | Villager (Male) |
| 21:08 | Crear | Archer |
| 21:08 | Crear | Archer |
| 21:47 | Investigar | Double-Bit Axe |
| 21:48 | Investigar | Horse Collar |
| 22:58 | Construir | House |
| 23:03 | Crear | Spearman |
| 23:04 | Crear | Spearman |
Build order — [KGB] Wonderziin
Primeras 150 de 162 acciones detectadas
| 0:04 | Construir | Town Center |
| 1:05 | Crear | Villager (Male) |
| 1:05 | Crear | Villager (Male) |
| 1:05 | Crear | Villager (Male) |
| 1:22 | Crear | Villager (Male) |
| 1:22 | Crear | Villager (Male) |
| 1:48 | Construir | Lumber Camp |
| 1:50 | Crear | Villager (Male) |
| 1:50 | Crear | Villager (Male) |
| 1:50 | Crear | Villager (Male) |
| 2:32 | Crear | Villager (Male) |
| 2:32 | Crear | Villager (Male) |
| 2:34 | Crear | Villager (Male) |
| 2:34 | Crear | Villager (Male) |
| 3:23 | Crear | Villager (Male) |
| 3:23 | Crear | Villager (Male) |
| 3:35 | Crear | Villager (Male) |
| 4:32 | Crear | Villager (Male) |
| 4:32 | Crear | Villager (Male) |
| 4:56 | Construir | Mill |
| 5:19 | Crear | Villager (Male) |
| 5:54 | Investigar | Loom |
| 5:54 | Investigar | Loom |
| 6:33 | Investigar | Feudal Age |
| 6:33 | Investigar | Feudal Age |
| 6:49 | Construir | Lumber Camp |
| 7:06 | Construir | Barracks |
| 8:05 | Construir | House |
| 8:40 | Crear | Villager (Male) |
| 8:43 | Edad | Edad Feudal |
| 8:47 | Construir | Stable |
| 8:56 | Construir | House |
| 8:58 | Investigar | Double-Bit Axe |
| 8:59 | Crear | Villager (Male) |
| 9:04 | Investigar | Horse Collar |
| 9:21 | Crear | Scout Cavalry |
| 9:36 | Crear | Villager (Male) |
| 9:54 | Crear | Scout Cavalry |
| 9:54 | Crear | Scout Cavalry |
| 9:58 | Construir | House |
| 10:01 | Crear | Villager (Male) |
| 10:01 | Crear | Villager (Male) |
| 10:19 | Construir | House |
| 10:39 | Crear | Villager (Male) |
| 10:41 | Construir | Farm |
| 10:43 | Construir | Farm |
| 10:45 | Construir | Farm |
| 10:46 | Construir | Farm |
| 10:47 | Construir | Farm |
| 10:49 | Construir | Farm |
| 10:51 | Construir | Farm |
| 10:57 | Crear | Scout Cavalry |
| 11:03 | Construir | House |
| 11:08 | Construir | House |
| 11:24 | Crear | Villager (Male) |
| 11:24 | Crear | Villager (Male) |
| 11:34 | Construir | Palisade Wall |
| 11:36 | Construir | Palisade Wall |
| 11:36 | Construir | Palisade Wall |
| 11:38 | Construir | Palisade Wall |
| 11:39 | Construir | Palisade Wall |
| 11:41 | Construir | Palisade Wall |
| 11:42 | Construir | Palisade Wall |
| 11:43 | Construir | Palisade Wall |
| 11:47 | Construir | Palisade Wall |
| 11:50 | Construir | Palisade Wall |
| 11:52 | Crear | Villager (Male) |
| 11:52 | Crear | Villager (Male) |
| 12:04 | Crear | Villager (Male) |
| 12:07 | Construir | Farm |
| 12:09 | Construir | Farm |
| 12:31 | Crear | Spearman |
| 12:46 | Crear | Villager (Male) |
| 12:50 | Construir | Palisade Wall |
| 13:15 | Crear | Villager (Male) |
| 13:19 | Crear | Scout Cavalry |
| 13:20 | Crear | Spearman |
| 13:25 | Construir | House |
| 13:29 | Crear | Scout Cavalry |
| 13:31 | Crear | Spearman |
| 13:43 | Crear | Villager (Male) |
| 14:05 | Crear | Villager (Male) |
| 14:12 | Construir | Farm |
| 14:17 | Crear | Scout Cavalry |
| 14:22 | Construir | Mining Camp |
| 14:24 | Crear | Villager (Male) |
| 15:06 | Crear | Villager (Male) |
| 15:11 | Construir | Market |
| 15:19 | Construir | Farm |
| 15:25 | Crear | Villager (Male) |
| 15:33 | Construir | Blacksmith |
| 16:01 | Crear | Villager (Male) |
| 16:12 | Crear | Villager (Male) |
| 16:24 | Construir | Farm |
| 16:25 | Construir | Farm |
| 16:52 | Construir | Stable |
| 17:06 | Investigar | Castle Age |
| 17:06 | Investigar | Castle Age |
| 17:36 | Construir | Lumber Camp |
| 17:50 | Investigar | Gold Mining |
| 17:51 | Investigar | Gold Mining |
| 17:56 | Construir | Farm |
| 18:02 | Construir | House |
| 18:04 | Investigar | Scale Barding Armor |
| 18:05 | Investigar | Scale Barding Armor |
| 18:47 | Investigar | Bloodlines |
| 18:47 | Investigar | Bloodlines |
| 19:46 | Edad | Edad de los Castillos |
| 19:52 | Construir | Town Center |
| 19:53 | Crear | Villager (Male) |
| 19:54 | Crear | Knight |
| 19:54 | Crear | Knight |
| 19:54 | Crear | Knight |
| 19:55 | Crear | Knight |
| 19:55 | Crear | Knight |
| 20:20 | Crear | Villager (Male) |
| 20:27 | Construir | Farm |
| 20:43 | Investigar | Chain Barding Armor |
| 20:43 | Investigar | Chain Barding Armor |
| 20:59 | Crear | Villager (Male) |
| 21:01 | Crear | Knight |
| 21:01 | Crear | Knight |
| 21:13 | Crear | Villager (Male) |
| 21:19 | Crear | Villager (Male) |
| 21:34 | Crear | Knight |
| 21:34 | Crear | Knight |
| 22:04 | Crear | Knight |
| 22:05 | Crear | Knight |
| 22:05 | Crear | Knight |
| 22:06 | Crear | Villager (Male) |
| 22:06 | Crear | Villager (Male) |
| 22:09 | Construir | Farm |
| 22:10 | Construir | Farm |
| 22:11 | Construir | Farm |
| 22:12 | Construir | Farm |
| 22:16 | Construir | Farm |
| 22:20 | Crear | Villager (Male) |
| 22:20 | Crear | Villager (Male) |
| 22:35 | Crear | Knight |
| 22:36 | Crear | Knight |
| 22:36 | Crear | Knight |
| 22:42 | Construir | Farm |
| 22:43 | Construir | Farm |
| 22:53 | Crear | Knight |
| 22:53 | Crear | Knight |
| 22:54 | Crear | Knight |
| 22:57 | Construir | Farm |
| 22:59 | Construir | Farm |
| 23:05 | Crear | Knight |
| 23:06 | Crear | Knight |
Cronología de la partida
| 6:00 | lorddoc · first_building Barracks |
| 6:33 | Marlin · first_building Barracks |
| 6:52 | [KGB] LoneStarr SKINS · first_building Barracks |
| 7:06 | [KGB] Wonderziin · first_building Barracks |
| 7:47 | boo · wall_segment Palisade Wall x1 |
| 7:56 | Marlin · age_up feudal |
| 7:59 | Marlin · first_building Stable |
| 8:09 | [KGB] tr3VS · first_building Barracks |
| 8:20 | [KGB] Final · first_building Barracks |
| 8:32 | boo · first_building Barracks |
| 8:43 | [KGB] Wonderziin · age_up feudal |
| 8:44 | [KGB] Final · wall_segment Palisade Wall x9 |
| 8:47 | [KGB] Wonderziin · first_building Stable |
| 9:15 | [KGB] tr3VS · age_up feudal |
| 9:18 | [KGB] tr3VS · first_building Archery Range |
| 9:22 | [KGB] LoneStarr SKINS · age_up feudal |
| 9:26 | [KGB] LoneStarr SKINS · first_building Stable |
| 9:31 | boo · age_up feudal |
| 9:48 | lorddoc · age_up feudal |
| 9:52 | [KGB] LoneStarr SKINS · wall_segment Palisade Wall x1 |
| 10:08 | lorddoc · first_building Archery Range |
| 10:17 | [KGB] Final · age_up feudal |
| 10:17 | DingDing · age_up feudal |
| 10:24 | DingDing · first_building Barracks |
| 10:27 | [KGB] Final · first_building Archery Range |
| 10:36 | [KGB] LoneStarr SKINS · wall_segment Palisade Wall x1 |
| 10:37 | [KGB] LoneStarr SKINS · wall_segment Palisade Wall x1 |
| 10:38 | [KGB] LoneStarr SKINS · wall_segment Palisade Wall x1 |
| 10:50 | [KGB] LoneStarr SKINS · wall_segment Palisade Wall x1 |
| 10:51 | [KGB] LoneStarr SKINS · wall_segment Palisade Wall x1 |
| 10:51 | [KGB] LoneStarr SKINS · wall_segment Palisade Wall x1 |
| 11:08 | lorddoc · wall_segment Palisade Wall x1 |
| 11:12 | DingDing · first_building Archery Range |
| 11:34 | [KGB] Wonderziin · wall_segment Palisade Wall x1 |
| 11:36 | [KGB] Wonderziin · wall_segment Palisade Wall x1 |
| 11:36 | [KGB] Wonderziin · wall_segment Palisade Wall x1 |
| 11:38 | [KGB] Wonderziin · wall_segment Palisade Wall x1 |
| 11:39 | [KGB] Wonderziin · wall_segment Palisade Wall x1 |
| 11:41 | [KGB] Wonderziin · wall_segment Palisade Wall x1 |
| 11:42 | [KGB] Wonderziin · wall_segment Palisade Wall x1 |
| 11:43 | [KGB] Wonderziin · wall_segment Palisade Wall x1 |
| 11:47 | [KGB] Wonderziin · wall_segment Palisade Wall x1 |
| 11:50 | Marlin · wall_segment Palisade Wall x12 |
| 11:50 | [KGB] Wonderziin · wall_segment Palisade Wall x1 |
| 11:53 | Marlin · wall_segment Palisade Wall x14 |
| 12:08 | [KGB] Final · wall_segment Palisade Wall x2 |
| 12:49 | Marlin · wall_segment Palisade Wall x11 |
| 12:50 | [KGB] Wonderziin · wall_segment Palisade Wall x1 |
| 13:12 | boo · first_market_sell 100 wood |
| 14:18 | boo · first_building Stable |
| 15:38 | boo · age_up castle |
| 15:59 | boo · first_building Monastery |
| 16:35 | [KGB] Wonderziin · first_market_sell 100 wood |
| 16:36 | [KGB] Wonderziin · first_market_buy 100 food |
| 17:12 | Marlin · wall_segment Palisade Wall x1 |
| 18:30 | Marlin · first_market_buy 100 food |
| 19:17 | boo · first_market_buy 100 food |
| 19:26 | boo · wall_segment Palisade Wall x3 |
| 19:37 | [KGB] tr3VS · first_market_buy 100 food |
| 19:46 | [KGB] Wonderziin · age_up castle |
| 20:03 | lorddoc · wall_segment Palisade Wall x1 |
| 20:26 | [KGB] LoneStarr SKINS · age_up castle |
| 21:49 | Marlin · age_up castle |
| 22:22 | [KGB] tr3VS · age_up castle |
| 22:36 | lorddoc · resign |
[ ANÁLISIS IA · 1 CRÉDITO ]
¿Qué pasó realmente en esta partida?
Wolo.gg analiza cada decisión: build order, eco, micro, errores típicos por bracket. Análisis personalizado por WhatsApp o Discord en 30 segundos.
Guía civ
Magiares
Perfil
Jugador #1868958